 Dungeon Crawl Stone Soup version 0.28-a0-1174-g766a6a42ef (webtiles) character file.

Game seed: 9538294814007715188

43 septik the Chopper (level 3, 0/31 HPs)
             Began as a Minotaur Berserker on Dec 16, 2021.
             Was a Follower of Trog.
             Succumbed to a scorpion's poison
             ... on level 5 of the Dungeon.
             The game lasted 00:02:02 (1351 turns).

septik the Chopper (Minotaur Berserker)             Turns: 1351, Time: 00:02:03

Health: 0/31       AC:  9    Str: 23    XL:     3   Next: 37%
Magic:  2/2        EV: 10    Int:  4    God:    Trog [*.....]
Gold:   46         SH:  0    Dex:  9    Spells: 2/2 levels left

rFire   . . .      SeeInvis .   a - +0 hand axe
rCold   . . .      Faith    .   (no shield)
rNeg    . . .      Spirit   .   g - +0 scale mail
rPois   .          Reflect  .   (helmet restricted)
rElec   .          Harm     .   (no cloak)
rCorr   .          Rampage  .   (no gloves)
Will    .....                   (no boots)
Stlth   ..........              (no amulet)
HPRegen 0.10/turn               (no ring)
MPRegen 0.08/turn               (no ring)

@: lethally poisoned (0 -> -5)
A: horns 2, retaliatory headbutt, iridescent scales 1, shaggy fur 1
a: Renounce Religion, Berserk


You were on level 5 of the Dungeon.
You worshipped Trog.
Trog was aware of your devotion.
You visited 1 branch of the dungeon, and saw 4 of its levels.

You collected 46 gold pieces.

Inventory:

Hand Weapons
 a - a +0 hand axe (weapon)
Armour
 b - a +0 animal skin
 g - a +0 scale mail (worn)
Scrolls
 c - a scroll of teleportation {unknown}
 e - a scroll of torment {unknown}
 f - a scroll of noise {unknown}


   Skills:
 - Level 3.6 Fighting
 + Level 5.4 Axes
 - Level 2.4 Armour
 - Level 2.1 Dodging


You had 2 spell levels left.
You didn't know any spells.
Your spell library was empty.

Dungeon Overview and Level Annotations

Branches:
Dungeon (5/15)
 Temple: D:4-7

Altars:


Innate Abilities, Weirdness & Mutations

You have a pair of horns on your head.
You reflexively headbutt those who attack you in melee.
You are partially covered in iridescent scales. (AC +2)
You are covered in fur. (AC +1)


Message History

Found a stone staircase leading down.
The scorpion stings you.
You are poisoned.
The scorpion poisons you!
Found a dagger.
You feel sick.
Found 6 gold pieces.
You feel sick.
You feel sick.
The howler monkey hoots and howls with incredible vigour!
You hear an angry hiss.
You hear a shout!
You hear an angry hiss.
You feel sick. The scorpion stings you!
You are lethally poisoned!
The scorpion poisons you!
Unknown command.
* * * LOW HITPOINT WARNING * * *
You feel very sick.
There is a stone staircase leading down here.
You can't go up here!
Unknown command.
* * * LOW HITPOINT WARNING * * *
You feel sick.
The scorpion stings you but does no damage.
You climb downwards.
* * * LOW HITPOINT WARNING * * *
You feel sick.
There is a stone staircase leading up here.
It was a potion of mutation.
You feel extremely strange. Fur sprouts all over your body.
Iridescent scales grow over part of your body.
* * * LOW HITPOINT WARNING * * *
You feel sick.
The scorpion stings you but does no damage.
Unknown command.
Unknown command.
Unknown command.
You closely miss the scorpion.
* * * LOW HITPOINT WARNING * * *
You feel sick. The scorpion misses you.
You hit the scorpion. Your headbutt misses the scorpion.
The scorpion is moderately wounded.
You die...

###
#..
#.#
#.#
#s#
#@#
#.#
#.#
#.#
#..
###


You could see a scorpion.

Vanquished Creatures
  An adder (D:2)
  A gnoll (D:1)
  An endoplasm (D:1)
  3 hobgoblins
  4 jackals (D:1)
  A kobold (D:1)
  2 ball pythons
  3 bats
  2 frilled lizards (D:1)
  4 goblins
  A rat (D:2)
23 creatures vanquished.

Notes
Turn   | Place    | Note
-------+----------+-------------------------------------------
     0 | D:1      | septik the Minotaur Berserker began the quest for the Orb.
     0 | D:1      | Reached XP level 1. HP: 19/19 MP: 0/0
   141 | D:1      | Reached skill level 4 in Axes
   463 | D:1      | Reached XP level 2. HP: 26/26 MP: 1/1
   901 | D:1      | Reached skill level 5 in Axes
   912 | D:1      | Reached XP level 3. HP: 30/31 MP: 2/2
  1337 | D:2      | You fall into a shaft and drop 2 floors!
  1337 | D:4      | Noticed a scorpion
  1337 | D:4      | Noticed an ogre
  1348 | D:5      | Entered Level 5 of the Dungeon
  1349 | D:5      | Gained mutation: You are covered in fur. (AC +1) [potion of
                  | mutation]
  1349 | D:5      | Gained mutation: You are partially covered in iridescent
                  | scales. (AC +2) [potion of mutation]
  1350 | D:5      | HP: 1/31 [poisoned by a scorpion]
  1351 | D:5      | Succumbed to a scorpion's poison

Illustrated notes

Levels and vault maps discovered:
D:1:      dpeg_arrival_tiny_i, layout_basic, st_stairs_5
D:2:      layout_basic, chequers_ecumenical_altar_simple_redux,
          minmay_pentomino_z2
D:4:      layout_cave_pools, serial_park, serial_park_square2,
          serial_park_tiny_1, serial_park_square2, serial_park_square3
          [serial_park_minivault_5x5_7], nicolae_shop_sticking_my_neck_out,
          uniq_blork_the_orc, uniq_grinder, uniq_ijyb
D:5:      layout_loops_ring, bloody_trog, minmay_temple_entry_statues_pillars,
          uniq_eustachio, uniq_sigmund, uniq_prince_ribbit1, uniq_edmund

Skill      XL: |  1  2 |
---------------+-------+-----
Axes           | 4 5 |  5.4
Fighting       | |  3.6
Armour         | |  2.4
Dodging        | |  2.1

Action                   || total
-------------------------++-------
Melee: Hand axe          ||    53
       Headbutt          ||     5
Invok: Berserk           ||     1
  Use: Potion            ||     1
Armor: Animal skin       ||     1
       Scale mail        ||    13
Dodge: Dodged            ||    35

Table legend: (Time is in decaauts)
 A = Elapsed time spent in this place.
 B = Non-inter-level travel time spent in this place.
 C = Inter-level travel time spent in this place.
 D = Time resting spent in this place.
 E = Time spent auto-exploring this place.
 F = Levels seen in this place.
 G = Mean time per level.
                   A        B        C        D        E       F      G
               +--------+--------+--------+--------+--------+-----+--------+
         Total |   1365 |   1365 |      0 |    161 |   1031 |   4 |  341.2 |
       Dungeon |   1365 |   1365 |      0 |    161 |   1031 |   4 |  341.2 |
               +--------+--------+--------+--------+--------+-----+--------+

Top non-repeatable levels by time:
     D:1: 1207 daAuts
     D:2: 145 daAuts
     D:4: 10 daAuts
     D:5: 2 daAuts
